 Dungeon Crawl Stone Soup version 0.21.1-1-g345015f (webtiles) character file.

543 tidbits the Charmwright (level 7, -1/56 HPs)
             Began as a Gnoll Skald on June 20, 2018.
             Was an Initiate of Cheibriados.
             Slain by Edmund
             ... wielding a +4 flail of venom
              (5 damage)
             ... on level 6 of the Dungeon.
             The game lasted 00:07:04 (807 turns).

tidbits the Charmwright (Gnoll Skald)                Turns: 807, Time: 00:07:05

Health: -1/56      AC:  9    Str: 18    XL:     7   Next: 27%
Magic:  3/15       EV: 13    Int: 19    God:    Cheibriados [......]
Gold:   75         SH:  0    Dex: 12    Spells: 6/17 levels left

rFire    . . .     SeeInvis .   a - +0 hand axe
rCold    . . .     Gourm    .   (no shield)
rNeg     . . .     Faith    .   l - +0 ring mail of Existentialism {rElec Str+4 Dex-3}
rPois    .         Spirit   .   E - +1 hat
rElec    +         Reflect  .   C - +0 cloak
rCorr    .         Harm     .   (no gloves)
MR       .....                  j - +0 pair of boots
Stlth    +.........             (no amulet)
HPRegen  1.18/turn              (no ring)
MPRegen  0.14/turn              (no ring)

@: lethally poisoned (-1 -> -1), very slightly contaminated, regenerating, slow
A: distributed training, fangs 1, strong nose
a: Bend Time, Renounce Religion


You were on level 6 of the Dungeon.
You worshipped Cheibriados.
Cheibriados was noncommittal.
You were very hungry.

You visited 2 branches of the dungeon, and saw 7 of its levels.

You collected 75 gold pieces.

Inventory:

Hand Weapons
 a - a +0 hand axe (weapon)
 i - a +0 short sword of holy wrath
   (You found it on level 2 of the Dungeon)
Missiles
 g - 34 stones (quivered)
 k - 23 arrows
Armour
 b - a +0 leather armour
 e - a +0 ring mail
 j - a +0 pair of boots (worn)
 l - the +0 ring mail of Existentialism (worn) {rElec Str+4 Dex-3}
   (You found it on level 4 of the Dungeon)

   It affects your strength (+4).
   It affects your dexterity (-3).
   It insulates you from electricity.
 C - a +0 cloak (worn)
 E - a +1 hat (worn)
Scrolls
 f - a scroll of remove curse {unknown}
 p - 2 scrolls of fog {unknown}
 q - 2 scrolls of teleportation {unknown}
 r - a scroll of identify {unknown}
Potions
 h - a potion of heal wounds
Books
 c - a book of Battle

   Spells                             Type                      Level
   a - Infusion                       Charms                       1
   b - Shroud of Golubria             Charms/Translocation         2
   c - Song of Slaying                Charms                       2
   d - Spectral Weapon                Hexes/Charms                 3
   e - Regeneration                   Charms/Necromancy            3
 n - a book of Changes
   (You found it on level 5 of the Dungeon)

   Spells                             Type                      Level
   a - Beastly Appendage              Transmutation                1
   b - Sticks to Snakes               Transmutation                2
   c - Spider Form                    Transmutation/Poison         3
   d - Ice Form                       Ice/Transmutation            4
   e - Blade Hands                    Transmutation                5
Comestibles
 d - 4 rations


   Skills:
 + Level 5.1 Fighting
 + Level 2.3 Short Blades
 + Level 2.3 Long Blades
 + Level 5.1 Axes
 + Level 2.3 Maces & Flails
 + Level 2.3 Polearms
 + Level 2.3 Staves
 + Level 2.3 Slings
 + Level 2.3 Bows
 + Level 2.3 Crossbows
 + Level 2.3 Throwing
 + Level 3.5 Armour
 + Level 5.1 Dodging
 + Level 2.3 Stealth
 + Level 2.3 Shields
 + Level 2.3 Unarmed Combat
 + Level 5.5 Spellcasting
 + Level 1.9 Conjurations
 + Level 1.9 Hexes
 + Level 5.8 Charms
 + Level 1.9 Summonings
 + Level 1.9 Necromancy
 + Level 1.9 Translocations
 + Level 1.9 Transmutations
 + Level 1.9 Fire Magic
 + Level 1.9 Ice Magic
 + Level 1.9 Air Magic
 + Level 1.9 Earth Magic
 + Level 1.9 Poison Magic
 + Level 2.5 Invocations
 + Level 2.3 Evocations


You had 6 spell levels left.
You knew the following spells:

 Your Spells              Type           Power        Failure   Level  Hunger
g - Shroud of Golubria    Chrm/Tloc      ###.......   6%          2    None
i - Infusion              Chrm           ####         1%          1    None
r - Regeneration          Chrm/Necr      ###.......   12%         3    ##.....
w - Spectral Weapon       Hex/Chrm       ###.....     12%         3    ##.....
y - Song of Slaying       Chrm           ####....     2%          2    None


Dungeon Overview and Level Annotations

Branches:
Dungeon (6/15)             Temple (1/1) D:6

Altars:
Cheibriados
Kikubaaqudgha
Nemelex Xobeh
Okawaru
Ru
Sif Muna
Trog
Wu Jian
Xom

Annotations:
D:6 Edmund


Innate Abilities, Weirdness & Mutations

Your experience applies equally to all skills.
You have very sharp teeth.
Your uncanny sense of smell can sniff out nearby items.


Message History

You are feeling very hungry.
Wield which item (- for none, * to show all)? (? for menu, Esc to quit)
Okay, then.
Casting: Spectral Weapon
Confirm with . or Enter, or press ? or * to list all spells.
You draw out your weapon's spirit!
Edmund hits you with a flail of venom.
Casting: Spectral Weapon
Confirm with . or Enter, or press ? or * to list all spells.
You miscast Shroud of Golubria.
The air around you crackles with energy!
Edmund closely misses you.
Casting: Shroud of Golubria
Confirm with . or Enter, or press ? or * to list all spells.
Space distorts slightly along a thin shroud covering your body.
Edmund hits you but does no damage.
You are poisoned.
You hit Edmund but do no damage.
You feel sick.
Your spectral weapon hits Edmund.
Edmund hits you with a flail of venom.
You are more poisoned.
You hit Edmund but do no damage.
Edmund is lightly wounded.
You feel sick.
Your spectral weapon hits Edmund but does no damage.
Edmund closely misses you.
You barely miss Edmund.
Edmund is lightly wounded.
You feel sick.
Your spectral weapon hits Edmund.
You hit Edmund but do no damage.
Edmund is moderately wounded.
You feel sick.
Your spectral weapon hits Edmund.
Edmund says, "A flail is better than a scythe, any day of the week!"
Edmund barely misses you.
You hit Edmund but do no damage.
Edmund is moderately wounded.
You feel sick.
Your spectral weapon barely misses Edmund.
Edmund hits you but does no damage.
You are more poisoned.
You hit Edmund but do no damage. You bite Edmund, but do no damage.
Edmund is moderately wounded.
You feel sick.
Your spectral weapon hits Edmund but does no damage.
Edmund misses you.
You hit Edmund but do no damage.
Edmund is moderately wounded.
You feel sick.
Your spectral weapon hits Edmund but does no damage.
Your shroud bends Edmund's attack away.
You hit Edmund.
Edmund is heavily wounded.
You feel sick.
Your spectral weapon hits Edmund but does no damage.
Edmund hits you with a flail of venom!
* * * LOW HITPOINT WARNING * * *
Your shroud falls apart!
You hit Edmund but do no damage.
Edmund is heavily wounded.
You feel sick.
Your spectral weapon hits Edmund.
Edmund hits your spectral weapon but does no damage.
You catch the helpless Edmund completely off-guard!
You hit Edmund but do no damage.
Edmund is heavily wounded.
You feel sick.
Your spectral weapon hits Edmund but does no damage.
Edmund hits your spectral weapon with a flail of venom.
Your spectral weapon shares its damage with you!
* * * LOW HITPOINT WARNING * * *
You hit Edmund but do no damage.
Edmund is heavily wounded.
* * * LOW HITPOINT WARNING * * *
You feel sick.
Your spectral weapon completely misses Edmund.
Edmund says, "People will remember me!
They'll remember me and die!"
Edmund completely misses you.
You hit Edmund but do no damage. You bite Edmund, but do no damage.
Edmund is heavily wounded.
You feel sick.
Your spectral weapon closely misses Edmund.
You barely miss Edmund.
Edmund is heavily wounded.
You feel sick.
Your spectral weapon hits Edmund but does no damage.
Edmund closely misses you.
You barely miss Edmund.
Edmund is heavily wounded.
You feel sick.
Your spectral weapon barely misses Edmund.
Edmund hits you with a flail of venom.
* * * LOW HITPOINT WARNING * * *
You are more poisoned.
Casting: Shroud of Golubria
Confirm with . or Enter, or press ? or * to list all spells.
Your skin crawls.
You feel sick. Edmund hits you with a flail of venom.
* * * LOW HITPOINT WARNING * * *
You closely miss Edmund.
Edmund is heavily wounded.
You feel sick.
Your spectral weapon hits Edmund but does no damage.
Edmund hits you with a flail of venom.
You die...

.## ##.## ##..#####
..## #..## ##..#
...####8.8## #..##
......8...8# #..#
......8.>.8# ##..#
......8...8### #..##
......#888#..#####..#
.......##......##...#
......###.......@...#
.....## #.<...##.@(##
....##
##....#####.... †..##
#....## #...... ..##
#.<..# ..####.
..######...## ..#
......#....# .#
...........#
...........#


You could see Edmund and a friendly spectral hand axe.

Vanquished Creatures
  Prince Ribbit (D:5)
  Grinder (D:6)
  A howler monkey (D:6)
  A hound (D:4)
  A worker ant (D:6)
  4 adders
  An ooze (D:1)
  An adder skeleton (D:4)
  2 worms (D:4)
  A leopard gecko (D:2)
  An orc (D:4)
  3 giant cockroaches
  3 hobgoblins
  2 quokkas
  2 frilled lizards (D:2)
  A kobold (D:1)
  A quokka zombie (D:6)
  A rat (D:2)
28 creatures vanquished.

Vanquished Creatures (others)
  A spectral weapon (D:4)
1 creature vanquished.

Grand Total: 29 creatures vanquished

Notes
Turn   | Place    | Note
-------+----------+-------------------------------------------
     0 | D:1      | tidbits the Gnoll Skald began the quest for the Orb.
     0 | D:1      | Reached XP level 1. HP: 20/20 MP: 6/6
    77 | D:1      | Reached XP level 2. HP: 19/26 MP: 1/7
    81 | D:1      | Learned a level 2 spell: Song of Slaying
    84 | D:1      | Learned a level 2 spell: Shroud of Golubria
   114 | D:2      | Found a sacrificial altar of Ru.
   203 | D:2      | Reached skill level 5 in Spellcasting
   203 | D:2      | Reached XP level 3. HP: 25/31 MP: 0/9
   208 | D:2      | Learned a level 3 spell: Regeneration
   212 | D:2      | Learned a level 3 spell: Spectral Weapon
   293 | D:4      | Reached skill level 1 in Short Blades
   293 | D:4      | Reached skill level 1 in Long Blades
   293 | D:4      | Reached skill level 1 in Maces & Flails
   293 | D:4      | Reached skill level 1 in Polearms
   293 | D:4      | Reached skill level 1 in Staves
   293 | D:4      | Reached skill level 1 in Slings
   293 | D:4      | Reached skill level 1 in Bows
   293 | D:4      | Reached skill level 1 in Crossbows
   293 | D:4      | Reached skill level 1 in Throwing
   293 | D:4      | Reached skill level 1 in Stealth
   293 | D:4      | Reached skill level 1 in Shields
   293 | D:4      | Reached skill level 1 in Unarmed Combat
   293 | D:4      | Reached skill level 1 in Invocations
   293 | D:4      | Reached skill level 1 in Evocations
   293 | D:4      | Reached XP level 4. HP: 18/38 MP: 2/11
   317 | D:4      | Got a jewelled ring mail
   328 | D:4      | Identified the +0 ring mail of Existentialism {rElec Str+4 Dex-3} (You found it on level 4 of the Dungeon)
   409 | D:4      | Found a sparkling altar of Nemelex Xobeh.
   417 | D:5      | Entered Level 5 of the Dungeon
   426 | D:4      | Found a shimmering altar of Xom.
   582 | D:5      | Noticed Prince Ribbit
   601 | D:5      | Killed Prince Ribbit
   601 | D:5      | Reached skill level 3 in Armour
   601 | D:5      | Reached skill level 1 in Conjurations
   601 | D:5      | Reached skill level 1 in Hexes
   601 | D:5      | Reached skill level 1 in Summonings
   601 | D:5      | Reached skill level 1 in Necromancy
   601 | D:5      | Reached skill level 1 in Translocations
   601 | D:5      | Reached skill level 1 in Transmutations
   601 | D:5      | Reached skill level 1 in Fire Magic
   601 | D:5      | Reached skill level 1 in Ice Magic
   601 | D:5      | Reached skill level 1 in Air Magic
   601 | D:5      | Reached skill level 1 in Earth Magic
   601 | D:5      | Reached skill level 1 in Poison Magic
   601 | D:5      | Reached skill level 2 in Invocations
   601 | D:5      | Reached XP level 5. HP: 29/43 MP: 5/12
   601 | D:5      | Reached XP level 6. HP: 34/50 MP: 5/14
   627 | D:6      | Found a staircase to the Ecumenical Temple.
   672 | D:6      | Reached skill level 5 in Fighting
   672 | D:6      | Reached skill level 5 in Axes
   672 | D:6      | Reached skill level 5 in Dodging
   680 | D:6      | Noticed Grinder
   694 | D:6      | HP: 1/51 [Grinder/nerve-wracking pain (10)]
   698 | D:6      | Killed Grinder
   698 | D:6      | Reached skill level 2 in Short Blades
   698 | D:6      | Reached skill level 2 in Long Blades
   698 | D:6      | Reached skill level 2 in Maces & Flails
   698 | D:6      | Reached skill level 2 in Polearms
   698 | D:6      | Reached skill level 2 in Staves
   698 | D:6      | Reached skill level 2 in Slings
   698 | D:6      | Reached skill level 2 in Bows
   698 | D:6      | Reached skill level 2 in Crossbows
   698 | D:6      | Reached skill level 2 in Throwing
   698 | D:6      | Reached skill level 2 in Stealth
   698 | D:6      | Reached skill level 2 in Shields
   698 | D:6      | Reached skill level 2 in Unarmed Combat
   698 | D:6      | Reached skill level 2 in Evocations
   698 | D:6      | Reached XP level 7. HP: 1/56 MP: 7/15
   748 | Temple   | Entered the Ecumenical Temple
   754 | Temple   | Became a worshipper of Cheibriados the Contemplative
   784 | D:6      | Noticed Edmund
   806 | D:6      | HP: 5/56 [Edmund/flail of venom (3)]
   807 | D:6      | Slain by Edmund

Skill      XL: |  1  2  3  4  5  6 |
---------------+-------------------+-----
Spellcasting   | 5 |  5.5
Short Blades   | 1 2 |  2.3
Long Blades    | 1 2 |  2.3
Maces & Flails | 1 2 |  2.3
Polearms       | 1 2 |  2.3
Staves         | 1 2 |  2.3
Slings         | 1 2 |  2.3
Bows           | 1 2 |  2.3
Crossbows      | 1 2 |  2.3
Throwing       | 1 2 |  2.3
Stealth        | 1 2 |  2.3
Shields        | 1 2 |  2.3
Unarmed Combat | 1 2 |  2.3
Invocations    | 1 2 |  2.5
Evocations     | 1 2 |  2.3
Armour         | 3 |  3.5
Conjurations   | 1 |  1.9
Hexes          | 1 |  1.9
Summonings     | 1 |  1.9
Necromancy     | 1 |  1.9
Translocations | 1 |  1.9
Transmutations | 1 |  1.9
Fire Magic     | 1 |  1.9
Ice Magic      | 1 |  1.9
Air Magic      | 1 |  1.9
Earth Magic    | 1 |  1.9
Poison Magic   | 1 |  1.9
Fighting       | 5 |  5.1
Axes           | 5 |  5.1
Dodging        | 5 |  5.1
Charms         | |  5.8

Action                   |  1- 3 |  4- 6 |  7- 9 || total
-------------------------+-------+-------+-------++-------
Melee: Hand axe          |    40 |    36 |    18 ||    94
       Bite              |    13 |     8 |     2 ||    23
       Short sword       |       |    16 |       ||    16
       Punch             |       |       |     1 ||     1
 Cast: Infusion          |     6 |       |       ||     6
       Spectral Weapon   |     1 |     9 |     2 ||    12
       Shroud of Golubri |       |     1 |     1 ||     2
       Regeneration      |       |     1 |     2 ||     3
       Song of Slaying   |       |       |     1 ||     1
  Use: Potion            |       |     5 |       ||     5
 Stab: Sleeping          |     3 |       |       ||     3
       Distracted        |       |     2 |     1 ||     3
Armor: Leather armour    |     7 |       |       ||     7
       Ring mail         |       |    11 |     3 ||    14
Dodge: Dodged            |    20 |    25 |     6 ||    51

Table legend:
 A = Turns spent in this place as a percentage of turns spent in the entire game.
 B = Non-inter-level travel turns spent in this place as a percentage of non-inter-level travel turns spent in the entire game.
 C = Inter-level travel turns spent in this place as a percentage of turns spent in this place.
 D = Turns resting spent in this place as a percentage of non-inter-level travel turns spent in this place.
 E = Turns spent auto-exploring this place as a percentage of non-inter-level travel turns spent in this place.
 F = Non-inter-level travel turns spent in this place divided by the number of levels of this place that you've seen.
                   A       B       C       D       E      F
               +-------+-------+-------+-------+-------+----------------------
         Total | 100.0 | 100.0 |   0.0 |   0.0 |   0.0 | 115.3
       Dungeon |  98.4 |  98.4 |   0.0 |   0.0 |   0.0 | 132.3
        Temple |   1.6 |   1.6 |   0.0 |   0.0 |   0.0 |  13.0
               +-------+-------+-------+-------+-------+----------------------

Table legend:
 A = Kills in this place as a percentage of kills in entire the game.
 B = Kills by you in this place as a percentage of kills by you in the entire game.
 C = Kills by friends in this place as a percentage of kills by friends in the entire game.
 D = Other kills in this place as a percentage of other kills in the entire game.
 E = Experience gained in this place as a percentage of experience gained in the entire game.
 F = Experience gained in this place divided by the number of levels of this place that you have seen.
                   A       B       C       D       E      F
               +-------+-------+-------+-------+-------+----------------------
         Total | 100.0 | 100.0 |   N/A |   N/A | 100.0 | 111.0
       Dungeon | 100.0 | 100.0 |   N/A |   N/A | 100.0 | 129.5
               +-------+-------+-------+-------+-------+----------------------

Vault maps used:
D:1:      scummos_arrival_gate
D:2:      lemuel_crystal_altar, first_ration
D:3:      uniq_natasha
D:4:      nemelex_xobeh_ov_fountains_minmay, kennysheep_mini, serial_shops,
          shop, patterned_corridor
D:5:      lightli_sewer_entry_pipes, fedhas_altar_2, uniq_prince_ribbit1
D:6:      gammafunk_temple_overflow_elements, minmay_temple_entry_statues,
          uniq_grinder, uniq_edmund
Temple:   eino_temple_rhombus
